 Dungeon Crawl Stone Soup version 0.28.0-53-g5a82cb258f (webtiles) character file.

Game seed: 17535854730643436812

6 clackabat the Skirmisher (level 1, 15/19 HPs)
             Began as a Barachi Fighter on July 14, 2022.
             Quit the game on level 1 of the Dungeon.
             The game lasted 00:00:45 (37 turns).

clackabat the Skirmisher (Barachi Fighter)            Turns: 37, Time: 00:00:46

Health: 15/19      AC:  6    Str: 17    XL:     1   Next: 90%
Magic:  1/1        EV:  9    Int:  8    God:
Gold:   0          SH:  4    Dex: 11    Spells: 0/0 levels left

rFire   . . .      SeeInvis .   a - +0 long sword
rCold   . . .      Faith    .   c - +0 buckler
rNeg    . . .      Spirit   .   b - +0 scale mail
rPois   .          Reflect  .   (no helmet)
rElec   .          Harm     .   (no cloak)
rCorr   .          Rampage  .   (no gloves)
Will    .....                   (no boots)
Stlth   ..........              (no amulet)
HPRegen 0.06/turn               (no ring)
MPRegen 0.07/turn               (no ring)

@: slow
A: amphibious, slowness 1, strong legs 1, +LOS
a: Hop


You were on level 1 of the Dungeon.
You visited 1 branch of the dungeon, and saw 1 of its levels.

Inventory:

Hand Weapons
 a - a +0 long sword (weapon)
Armour
 b - a +0 scale mail (worn)
 c - a +0 buckler (worn)
Scrolls
 e - a scroll of identify {unknown}
Potions
 d - a potion of might


   Skills:
 + Level 3.8 Fighting
 * Level 3.0 Long Blades
 - Level 3.6 Armour
 - Level 3.2 Shields


You couldn't memorise any spells.
You didn't know any spells.
Your spell library was empty.

Dungeon Overview and Level Annotations

Branches:
Dungeon (1/15)

Altars:


Innate Abilities, Weirdness & Mutations

You are amphibious.
You cover ground slowly.
You can hop short distances.
You have an extended range of vision and can be seen from far away.


Message History

e - a scroll labelled WUAC RAPOANT A kobold comes into view.
It is wielding a +0 short sword.
The kobold shouts!
The kobold moves out of view. 2 kobolds come into view.
The kobold shouts!
The kobold throws a stone.
The stone closely misses you.
There are monsters nearby!
A quokka comes into view.
A ball python comes into view.
The ball python hisses angrily.
You block the kobold's attack.
You slash the kobold!
You kill the kobold!
The quokka barely misses you. The ball python closely misses you. x2
The kobold misses you.
The ball python bites you but does no damage.
The ball python closely misses you. The quokka barely misses you.
The kobold closely misses you. The quokka bites you.
You block the ball python's attack. The ball python closely misses you.
You barely miss the ball python.
The quokka twitches its whiskers.
The ball python bites you but does no damage.
The ball python barely misses you. x3
You closely miss the ball python. You block the ball python's attack.
The ball python closely misses you.
You closely miss the ball python. You block the ball python's attack.
The ball python grabs you. The ball python constricts you.
You block the ball python's attack. The ball python constricts you.
You slash the ball python!
You kill the ball python!
You slash the quokka!
You kill the quokka!
The kobold hits you with a +0 short sword.
You hit the kobold.
You kill the kobold!
Your Long Blades skill increases to level 3!
No target in view!
Unknown command.
Are you sure you want to abandon this character and quit the game? (Confirm with "yes".)

...###...##### ## ##..
.........# ... ...
........#### .... #.#
#.........# .....###.###
#.........# ...........#
#...P.P...#
...........###..P#≈#P..#
..........)##...##≈##..#
...........)@...≈≈≈≈≈..#
####.......###..##≈##..#
..........# #..P#≈#P..#
..##.......# #...P.P...#
# ##[.....# ##.......##
#......# #...<...#
###..#.. #.......#
##..#......P.P..#
##.......P#≈#P.#


There were no monsters in sight!

Vanquished Creatures
  A ball python (D:1)
  An endoplasm (D:1)
  A quokka (D:1)
  A bat (D:1)
  2 kobolds (D:1)
6 creatures vanquished.

Notes
Turn   | Place    | Note
-------+----------+-------------------------------------------
     0 | D:1      | clackabat the Barachi Fighter began the quest for the Orb.
     0 | D:1      | Reached XP level 1. HP: 18/18 MP: 1/1
    37 | D:1      | Quit the game

Illustrated notes

Levels and vault maps discovered:
D:1:      eino_arrival_water_cross, layout_rooms, minmay_box_of_dots

Skill      XL: |  1 |
---------------+----+-----
Long Blades    | 3 |  3.0
Fighting       | |  3.8
Armour         | |  3.6
Shields        | |  3.2

Action                   || total
-------------------------++-------
Melee: Long sword        ||    11
Armor: Scale mail        ||     5
Dodge: Dodged            ||    16
Block: Buckler           ||     6
